 Dungeon Crawl Stone Soup version 0.17-b1-15-g0f5fb43 (webtiles) character file.

38693 Arkorax the Fencer (level 13, -30/128 HPs)
             Began as a Minotaur Fighter on Nov 3, 2015.
             Was the Champion of Makhleb.
             Annihilated by a titanic slime creature (52 damage)
             ... on level 13 of the Dungeon.
             The game lasted 00:45:39 (17875 turns).

Arkorax the Fencer (Minotaur Fighter)              Turns: 17875, Time: 00:45:39

Health: -30/128    AC: 13    Str: 26    XL:     13   Next: 65%
Magic:  13/13      EV: 10    Int:  9    God:    Makhleb [******]
Gold:   1390       SH: 13    Dex: 12    Spells: 0 memorised, 12 levels left

rFire  . . .     SeeInvis .     X - +1 dagger of Kyllimei {holy, +Fly rC+ Str+2}
rCold  + . .     Clarity  .     B - +1 plate armour
rNeg   . . .     SustAt   .     I - +0 shield of an ice cave {Regen+ Int+4 Stlth+}
rPois  .         Gourm    .     (helmet restricted)
rElec  .         Spirit   .     (no cloak)
rCorr  .         Warding  .     (no gloves)
rMut   .         Stasis   .     Z - +0 pair of boots
MR     +....                    H - amulet of regeneration
Stlth  ..........               d - +4 ring of evasion
                                r - ring of protection from magic

@: very slightly contaminated, hasted, very quick, somewhat resistant to hostile
enchantments, extremely unstealthy
A: retaliatory headbutt, horns 2
a: Minor Destruction, Lesser Servant of Makhleb, Major Destruction, Greater
Servant of Makhleb, Renounce Religion, Evoke Flight


You were on level 13 of the Dungeon.
You worshipped Makhleb.
Makhleb was exalted by your worship.
You were not hungry.

You visited 2 branches of the dungeon, and saw 19 of its levels.
You also visited: Ossuary.

You collected 1390 gold pieces.

Inventory:

Hand Weapons
 t - a +1 glaive
 X - the +1 dagger of Kyllimei (weapon) {holy, +Fly rC+ Str+2}
   (You found it on level 12 of the Dungeon)

   It has been blessed by the Shining One to cause great damage to the undead
   and demons.
   It affects your strength (+2).
   It protects you from cold.
   It lets you fly.
Missiles
 s - 5 throwing nets (quivered)
 F - 2 javelins
Armour
 B - a +1 plate armour (worn)
 D - the +0 pair of gloves of Hadjma {-Tele +Fly Str+7 Stlth-}
   (You found it on level 2 of the Lair of Beasts)

   It affects your strength (+7).
   It lets you fly.
   It prevents most forms of teleportation.
   It makes you less stealthy.
 I - the +0 shield of an ice cave (worn) {Regen+ Int+4 Stlth+}
   (You found it on level 3 of the Lair of Beasts)

   It affects your intelligence (+4).
   It increases your rate of regeneration.
   It makes you more stealthy.
 Z - a +0 pair of boots (worn)
Jewellery
 d - a +4 ring of evasion (right hand)
 r - a ring of protection from magic (left hand)
 H - an amulet of regeneration (around neck)
Wands
 b - a wand of teleportation (4)
 e - a wand of fireball (7)
 y - a wand of slowing (38)
 A - a wand of draining (5)
 M - a wand of paralysis (14)
 T - a wand of cold (6)
 U - a wand of digging (13)
Scrolls
 c - 5 scrolls of teleportation
 h - 13 scrolls of remove curse
 j - 4 scrolls of identify
 l - 2 scrolls of summoning
 m - 4 scrolls of recharging
 z - 4 scrolls of fear
 G - 2 scrolls of fog
 J - a scroll of magic mapping
 N - 2 scrolls of enchant weapon
 Q - a scroll of amnesia
 Y - 2 scrolls of enchant armour
Potions
 a - a potion of resistance {unknown}
 g - 2 potions of brilliance
 i - 3 potions of ambrosia {unknown}
 n - 5 potions of curing
 p - 5 potions of lignification
 u - 5 potions of poison {unknown}
 C - 5 potions of flight
 E - 3 potions of degeneration {unknown}
 K - 2 potions of agility {unknown}
 L - a potion of magic {unknown}
 O - a potion of experience {unknown}
 R - a potion of mutation {unknown}
 S - a potion of berserk rage {unknown}
 V - 2 potions of cure mutation {unknown}
Books
 P - a book of Dreams

   Spells                             Type                      Level
   a - Ensorcelled Hibernation        Hexes/Ice                    2
   b - Phase Shift                    Translocation                5
   c - Shadow Creatures               Summoning                    5
   d - Silence                        Hexes/Air                    5
   e - Darkness                       Hexes                        6
   f - Mass Confusion                 Hexes                        6
Comestibles
 f - 11 meat rations
 o - 5 beef jerkies
 q - 8 slices of pizza
 v - 5 bread rations
 w - 6 royal jellies
 x - 13 fruits


   Skills:
 + Level 15.7 Fighting
   Level 17.2 Long Blades
 - Level 8.7 Polearms
 - Level 3.6 Armour
 * Level 11.9 Shields
 * Level 2.4 Invocations


You had 12 spell levels left.
You didn't know any spells.

Dungeon Overview and Level Annotations

Branches:
Dungeon (13/15)            Temple (0/1) D:6            Lair (6/8) D:9
  Swamp (0/4) Lair:3       Spider (0/4) Lair:3          Orc (0/4) D:11
  Slime: Lair:6-8    Vaults: D:13-14

Altars:
Ashenzari
Cheibriados
Dithmenos
Fedhas
Kikubaaqudgha
Makhleb
Nemelex Xobeh
Okawaru
Qazlal
Ru
Trog
Vehumet
The Shining One

Annotations:
D:11 exclusion: oklob plant
D:13 Vex's ghost, journeyman MiFi


Innate Abilities, Weirdness & Mutations

You reflexively headbutt those who attack you in melee.
You have a pair of horns on your head.


Message History

You finish taking off the +0 pair of gloves of Hadjma {-Tele +Fly Str+7 Stlth-}.
Drink which item? (? for menu, Esc to quit)
You feel much better. The titanic slime creature hits you!!!
* * * LOW HITPOINT WARNING * * *
You block Vex's ghost's attack.
Drink which item? (? for menu, Esc to quit)
You don't have any such object.
Drink which item? (? for menu, Esc to quit)
Okay, then.
Drink which item? (? for menu, Esc to quit)
Okay, then.
Read which item? (? for menu, Esc to quit)
Okay, then.
You hit Vex's ghost but do no damage. Your headbutt misses Vex's ghost.
Vex's ghost is lightly damaged.
You hit Vex's ghost.
Vex's ghost convulses.
You headbutt Vex's ghost, but do no damage.
Vex's ghost is lightly damaged.
The titanic slime creature hits you!!!
You die...

?..... ..... ##
.... .. ... .##..
... #W# ... #@# ...
##J# # .. #.#yy##.#
.. #.#o###.# ###.
#.#<.y..###..
#.##....J...#
##....#..##J.#
#....†#.J.#..###
####.(...#........#


You could see a titanic slime creature, 2 killer bees, Vex's ghost and an orc.

Vanquished Creatures
  Snorg (Lair:5)
  A fire dragon (D:11)
  Josephine (Lair:4)
  Harold (Lair:1)
  A queen ant (D:12)
  Sonja (D:10)
  An unseen horror (D:9)
  2 hill giants (D:12)
  Pikel (D:6)
  An oklob plant (D:11)
  2 griffons
  A black mamba (Lair:5)
  A cyclops (D:10)
  A manticore (D:11)
  2 elephants (Lair:6)
  A gargoyle (D:11)
  5 spiny frogs
  4 komodo dragons
  A fire drake (Lair:2)
  4 two-headed ogres
  7 blink frogs
  3 wyverns
  3 water elementals (D:12)
  48 yaks
  A deep elf mage (D:9)
  3 hippogriffs
  2 basilisks (Lair:2)
  5 wraiths
  A steam dragon (D:11)
  2 vampire mosquitoes (D:12)
  10 wolves
  Edmund (D:5)
  The ghost of ldierk the Cudgeler, an amateur GrFi (D:4)
  3 hungry ghosts
  4 porcupines
  5 water moccasins
  Duvessa (D:5)
  An ice beast (D:5)
  6 orc warriors
  A swamp drake (Lair:3)
  8 soldier ants
  A slave (D:6)
  A black bear (Lair:2)
  7 centaurs
  A sky beast (D:7)
  8 spiders (Lair:3)
  2 eyes of draining (D:9)
  3 phantoms
  2 wasps
  4 big kobolds
  10 crocodiles
  9 ogres
  A brain worm (D:11)
  11 giant frogs
  5 orc priests
  Dowan (D:5)
  5 scorpions
  8 killer bees
  4 wights (D:12)
  2 spriggan skeletons (D:9)
  7 electric eels
  5 crimson imps
  5 centaur zombies
  8 hounds
  2 giant frog zombies
  5 centaur skeletons
  14 jellies
  2 quasits
  10 orc wizards
  6 iguanas
  3 giant frog skeletons
  A killer bee zombie (D:9)
  16 sheep
  27 worker ants
  An ogre zombie (Ossuary)
  9 mummies
  2 hound zombies (D:9)
  14 adders
  Natasha (D:3)
  27 river rats
  9 oozes
  3 adder skeletons
  5 adder zombies
  4 worms
  5 giant geckos
  37 orcs
  A ball python (D:4)
  6 giant cockroaches
  7 hobgoblins
  11 jackals
  24 kobolds
  3 quokkas
  13 bats
  A giant cockroach zombie (D:6)
  3 giant newts
  9 goblins
  7 goblin zombies
  7 hobgoblin zombies
  3 kobold zombies (Ossuary)
  A quokka skeleton (D:4)
  6 quokka zombies (Ossuary)
  7 rats
  A rat zombie (Ossuary)
  A fungus (Lair:3)
  2 plants (Lair:1)
575 creatures vanquished.

Vanquished Creatures (collateral kills)
  The ghost of Torax the Martial Artist, a journeyman MfTm of Okawaru (Lair:5)
  A hydra (Lair:5)
  A komodo dragon (Lair:5)
  A fungus (Lair:5)
4 creatures vanquished.

Vanquished Creatures (others)
  An unseen horror (D:11)
  A slave (D:6)
  Natasha (D:3)
  2 river rats (Lair:1)
  A bat zombie (D:6)
  A kobold (D:12)
  A rat zombie (D:6)
  13 fungi
  4 plants
25 creatures vanquished.

Grand Total: 604 creatures vanquished

Notes
Turn   | Place    | Note
--------------------------------------------------------------
     0 | D:1      | Arkorax the Minotaur Fighter began the quest for the Orb.
     0 | D:1      | Reached XP level 1. HP: 19/19 MP: 0/0
    92 | D:1      | Reached skill level 4 in Fighting
   213 | D:1      | Reached XP level 2. HP: 27/27 MP: 1/1
   801 | D:2      | Reached XP level 3. HP: 7/34 MP: 2/2
  1207 | D:2      | Found a shadowy altar of Dithmenos.
  1309 | D:2      | Reached XP level 4. HP: 30/41 MP: 3/3
  1524 | D:2      | Reached skill level 5 in Fighting
  2047 | D:3      | Noticed Natasha
  2067 | D:3      | Killed Natasha
  2067 | D:3      | Reached skill level 5 in Long Blades
  2067 | D:3      | Reached XP level 5. HP: 30/48 MP: 4/4
  2425 | D:3      | Found a blossoming altar of Fedhas.
  2425 | D:3      | Found a burning altar of Makhleb.
  2509 | D:3      | Became a worshipper of Makhleb the Destroyer
  2572 | D:3      | Found a burning altar of Makhleb.
  2804 | D:4      | Reached skill level 6 in Long Blades
  2809 | D:4      | Noticed an ogre
  2816 | D:4      | Killed an ogre
  2816 | D:4      | Reached XP level 6. HP: 28/57 MP: 5/5
  2938 | D:4      | Noticed an ogre
  2941 | D:4      | Noticed ldierk's ghost (amateur GrFi)
  3190 | D:3      | Killed an ogre
  3190 | D:3      | Reached skill level 7 in Long Blades
  3450 | D:3      | Noticed Natasha
  3454 | D:3      | Killed Natasha
  3498 | D:4      | Killed ldierk's ghost
  3498 | D:4      | Reached XP level 7. HP: 35/63 MP: 6/6
  3923 | D:5      | Entered Level 5 of the Dungeon
  3991 | D:5      | Found a sparkling altar of Nemelex Xobeh.
  4005 | D:5      | Noticed Duvessa
  4007 | D:5      | Noticed Dowan
  4029 | D:5      | Killed Duvessa
  4029 | D:5      | Reached skill level 8 in Long Blades
  4046 | D:5      | Killed Dowan
  4177 | D:5      | Noticed Edmund
  4190 | D:5      | Killed Edmund
  4287 | D:5      | Reached skill level 9 in Long Blades
  4518 | D:5      | Found a stormy altar of Qazlal.
  4710 | D:6      | Reached * piety under Makhleb
  4738 | D:5      | Reached XP level 8. HP: 58/73 MP: 7/7
  4788 | D:6      | Reached skill level 10 in Long Blades
  4917 | D:6      | Found a sand-covered staircase.
  4922 | Ossuary  | Entered an ossuary
  5020 | Ossuary  | Reached ** piety under Makhleb
  5130 | Ossuary  | Reached skill level 11 in Long Blades
  5324 | D:6      | Noticed Pikel
  5332 | D:6      | Killed Pikel
  5332 | D:6      | Reached skill level 12 in Long Blades
  5332 | D:6      | Reached XP level 9. HP: 79/83 MP: 8/8
  5349 | D:6      | Reached *** piety under Makhleb
  5770 | D:6      | Found a staircase to the Ecumenical Temple.
  5817 | D:6      | Found an ancient bone altar of Kikubaaqudgha.
  5893 | D:7      | Found an iron altar of Okawaru.
  5966 | D:7      | Reached skill level 13 in Long Blades
  6207 | D:7      | Found a sacrificial altar of Ru.
  6455 | D:8      | Found a bloodstained altar of Trog.
  6463 | D:8      | Reached skill level 10 in Fighting
  6678 | D:8      | Found a glowing golden altar of the Shining One.
  7244 | D:8      | Found a snail-covered altar of Cheibriados.
  7467 | D:9      | Noticed a spiny frog
  7468 | D:9      | Found a staircase to the Lair.
  7557 | D:9      | Found a radiant altar of Vehumet.
  7599 | D:9      | Reached XP level 10. HP: 93/93 MP: 9/9
  7626 | D:9      | Reached **** piety under Makhleb
  7764 | D:9      | Killed a spiny frog
  7769 | D:9      | Reached skill level 14 in Long Blades
  7985 | D:9      | Reached skill level 5 in Shields
  8036 | D:9      | Found a bloodstained altar of Trog.
  8261 | D:9      | Killed an unseen horror
  8727 | D:10     | Entered Level 10 of the Dungeon
  8727 | D:10     | Noticed a cyclops
  8782 | Lair:1   | Entered Level 1 of the Lair of Beasts
  8898 | Lair:1   | Reached skill level 1 in Polearms
  8946 | Lair:1   | Reached ***** piety under Makhleb
  9095 | Lair:1   | You fall through a shaft!
  9136 | Lair:3   | Reached XP level 11. HP: 95/104 MP: 10/10
  9170 | Lair:3   | Found a staircase to the Swamp.
  9346 | Lair:1   | Noticed Harold
  9372 | Lair:1   | Killed Harold
  9572 | Lair:1   | Reached skill level 5 in Polearms
 10735 | Lair:2   | Got a pair of fine gloves
 10746 | Lair:2   | Identified the cursed +0 pair of gloves of Hadjma {-Tele +Fly Str+7 Stlth-} (You found it on level 2 of the Lair of Beasts)
 11786 | Lair:3   | Got a polished shield
 11787 | Lair:3   | Identified the cursed +0 shield of an ice cave {Regen+ Int+4 Stlth+} (You found it on level 3 of the Lair of Beasts)
 11876 | Lair:3   | Reached XP level 12. HP: 118/118 MP: 11/11
 11974 | Lair:3   | Found a hole to the Spider Nest.
 11987 | Lair:3   | Reached ****** piety under Makhleb
 12737 | Lair:4   | Noticed Josephine
 12740 | Lair:4   | Reached skill level 15 in Long Blades
 12747 | Lair:4   | Killed Josephine
 13265 | Lair:5   | Noticed Snorg
 13280 | Lair:5   | Killed Snorg
 13280 | Lair:5   | Reached skill level 15 in Fighting
 13338 | Lair:5   | Noticed Torax's ghost (journeyman MfTm)
 13354 | Lair:5   | Killed Torax's ghost
 13442 | Lair:5   | Noticed a seven-headed hydra
 13447 | Lair:5   | Killed a seven-headed hydra
 13478 | Lair:5   | Reached skill level 1 in Invocations
 13862 | Lair:5   | Noticed a five-headed hydra
 13904 | Lair:5   | Noticed a green death
 14121 | Lair:6   | Noticed an eight-headed hydra
 14121 | Lair:6   | Noticed an eight-headed hydra
 14122 | Lair:6   | Noticed a cacodemon
 14431 | Lair:6   | Noticed a blizzard demon
 14481 | Lair:5   | Reached skill level 16 in Long Blades
 14782 | D:10     | Noticed Sonja
 14792 | D:10     | Killed Sonja
 14792 | D:10     | Reached skill level 10 in Shields
 15143 | D:10     | Killed a cyclops
 15143 | D:10     | Reached XP level 13. HP: 109/127 MP: 13/13
 15520 | D:11     | Found a staircase to the Orcish Mines.
 17012 | D:12     | Reached skill level 17 in Long Blades
 17343 | D:12     | Got a dazzling dagger
 17344 | D:12     | Identified the +1 dagger of Kyllimei {holy, +Fly rC+ Str+2} (You found it on level 12 of the Dungeon)
 17707 | D:13     | Noticed Vex's ghost (journeyman MiFi)
 17714 | D:13     | Found a shattered altar of Ashenzari.
 17875 | D:13     | Annihilated by a titanic slime creature

Action                   |  1- 3 |  4- 6 |  7- 9 | 10-12 | 13-15 || total
-------------------------+-------+-------+-------+-------+-------++-------
Melee: Long sword        |    86 |   146 |   416 |   725 |   498 ||  1871
       Glaive            |       |       |       |   204 |       ||   204
       Dagger            |       |       |       |       |    98 ||    98
Throw: Throwing net      |       |     1 |       |       |       ||     1
Invok: Greater Servant o |       |       |       |     4 |       ||     4
  Use: Potion            |     2 |     2 |     2 |    10 |     6 ||    22
       Scroll            |       |       |    11 |    12 |     3 ||    26
 Stab: Invisible         |       |       |       |     1 |       ||     1
  Eat: Chunk             |     1 |     1 |     2 |       |       ||     4
       Bread ration      |       |     2 |     3 |     5 |       ||    10
       Meat ration       |       |       |       |     3 |     2 ||     5
